 Dungeon Crawl Stone Soup version 0.25.1-11-g244df3a29b (webtiles) character file.

Game seed: 18044817532362821680

99 DeepDeath the Cudgeler (level 4, -2/28 HPs)
             Began as a Gargoyle Abyssal Knight on Jan 13, 2024.
             Was a Believer of Lugonu.
             Slain by a gnoll
             ... wielding a +0 spear
              (5 damage)
             ... on level 2 of the Dungeon.
             The game lasted 00:03:34 (1790 turns).

DeepDeath the Cudgeler (Gargoyle Abyssal Knight)    Turns: 1790, Time: 00:03:34

Health: -2/28      AC:  8    Str: 17    XL:     4   Next: 72%
Magic:  5/5        EV: 11    Int: 12    God:    Lugonu [**....]
Gold:   135        SH:  0    Dex:  9    Spells: 3/3 levels left

rFire    . . .     SeeInvis .   a - +2 mace
rCold    . . .     Gourm    .   (no shield)
rNeg     + . .     Faith    .   b - +0 leather armour
rPois    ∞         Spirit   .   f - +1 hat
rElec    +         Reflect  .   (no cloak)
rCorr    .         Harm     .   (no gloves)
MR       .....                  g - +0 pair of boots
Stlth    +.........             (no amulet)
HPRegen  0.09/turn              (no ring)
MPRegen  0.09/turn              (no ring)

@: no status effects
A: negative energy resistance 1, electricity resistance, unbreathing,
petrification resistance, rot immunity, AC +3
a: Depart the Abyss, Bend Space, Renounce Religion


You were on level 2 of the Dungeon.
You worshipped Lugonu.
Lugonu was pleased with you.
You were hungry.

You visited 1 branch of the dungeon, and saw 2 of its levels.
You visited the Abyss 1 time.

You collected 135 gold pieces.

Inventory:

Hand Weapons
 a - a +2 mace (weapon)
 n - a +0 dagger of pain
Missiles
 i - 16 poisoned darts (quivered)
 p - 63 stones
 q - 20 arrows
 r - 24 sling bullets
Armour
 b - a +0 leather armour (worn)
 f - a +1 hat (worn)
 g - a +0 pair of boots (worn)
Jewellery
 e - an uncursed amulet of guardian spirit
 k - an uncursed ring of wizardry
 l - an uncursed ring of ice {unknown}
 o - an uncursed ring of protection from magic {unknown}
 s - an uncursed amulet of reflection {unknown}
 u - a +6 ring of strength
Scrolls
 d - a scroll of teleportation {unknown}
 h - a scroll of remove curse
 m - 5 scrolls of amnesia
 t - 2 scrolls of identify
Potions
 j - a potion of degeneration {unknown}
Comestibles
 c - 3 rations


   Skills:
 - Level 3.2 Fighting
 + Level 4.8 Maces & Flails
 - Level 2.1 Armour
 - Level 0.7 Dodging
 - Level 2.0 Invocations


You had 3 spell levels left.
You didn't know any spells.
Your spell library was empty.

Dungeon Overview and Level Annotations

Branches:
Dungeon (2/15)

Altars:
Makhleb
Qazlal


Innate Abilities, Weirdness & Mutations

You are resistant to torment.
Your stone body is resilient. (AC +3)
You are immune to poison.
You resist negative energy. (rN+)
You are resistant to electric shocks. (rElec)
You can survive without breathing.
You are immune to petrification.
You are immune to rotting.


Message History

You hit the gnoll.
The gnoll is heavily wounded.
The gnoll barely misses you. The gnoll hits you but does no damage.
You barely miss the gnoll.
The gnoll is heavily wounded.
The gnoll hits you but does no damage. The gnoll barely misses you.
You hit the gnoll.
The gnoll is almost dead.
The gnoll misses you. The gnoll hits you but does no damage.
You hit the gnoll.
The gnoll is almost dead.
The gnoll hits you with a +0 spear.
* * * LOW HITPOINT WARNING * * *
The gnoll hits you but does no damage.
You hit the gnoll but do no damage.
The gnoll is almost dead.
The gnoll hits you with a +0 spear.
* * * LOW HITPOINT WARNING * * *
The gnoll hits you from afar with a +0 spear.
You die...

**,*,,,,,*,* *,****,* #.##
,*,*,**,**,***,****,* #.#
,*,*,**,**,,,,,,,,,,* #.#
,*,*,**,**,***,###*** #.#
,,,*,,,,,,,,,,,#..,,* #.#
,*,*<,*,**,****#g#*,* #.#
,,,#..#,,,,,,,,#g##+###### ###'##
,*,#..#***,***,#g#.......# #.....
,*,#..# *,* *,#@#.......###.....
,*,#..# *,*##+#'#.......##......
,*,#..# *,##............##.##...
,,,#..# *,#.................#...
####..# #.#.......####.####.#...
......####.#.......##.....##.#...
#........#.#.......#.......#.....
......##.#.#.......#.......#.....
##...###.#.#..........._.........


You could see 3 gnolls.

Vanquished Creatures
  A gnoll (D:2)
  4 adders (D:2)
  3 worms (D:2)
  2 dart slugs
  2 leopard geckos
  3 bats (D:1)
  A giant cockroach (D:1)
  5 hobgoblins
  A jackal (D:2)
  2 quokkas (D:2)
  A ball python (D:2)
  A frilled lizard (D:1)
  4 goblins
  7 kobolds
  6 rats
43 creatures vanquished.

Notes
Turn   | Place    | Note
-------+----------+-------------------------------------------
     0 | Abyss:1  | DeepDeath the Gargoyle Abyssal Knight began the quest for
                  | the Orb.
     0 | Abyss:1  | Reached XP level 1. HP: 14/14 MP: 2/2
    66 | Abyss:1  | Noticed a red draconian
    70 | Abyss:1  | Noticed a large abomination
    74 | D:1      | Escaped the Abyss
    97 | D:1      | Reached * piety under Lugonu
   257 | D:1      | Reached XP level 2. HP: 17/19 MP: 3/3
   576 | D:1      | Reached skill level 3 in Maces & Flails
   993 | D:2      | Reached XP level 3. HP: 23/23 MP: 4/4
  1080 | D:2      | Reached skill level 4 in Maces & Flails
  1092 | D:2      | Reached XP level 4. HP: 14/28 MP: 5/5
  1456 | D:2      | Reached ** piety under Lugonu
  1496 | D:2      | Found a burning altar of Makhleb.
  1710 | D:2      | Found a stormy altar of Qazlal.
  1790 | D:2      | Slain by a gnoll

Illustrated notes

Levels and vault maps discovered:
D:1:      lemuel_arrival_cross, layout_basic, serial_rivers,
          chequers_serial_rivers_small_3, chequers_serial_rivers_large_b,
          chequers_serial_rivers_micro_a, chequers_serial_rivers_micro_e,
          chequers_serial_rivers_micro_a
D:2:      layout_basic, old_standard_altar, nicolae_qazlal_eye_of_the_storm,
          minmay_randomly_rotated_circles

Skill      XL: |  1  2  3 |
---------------+----------+-----
Maces & Flails | 3 4 |  4.8
Fighting       | |  3.2
Armour         | |  2.1
Dodging        | |  0.7
Invocations    | |  2.0

Action                   |  1- 3 |  4- 6 || total
-------------------------+-------+-------++-------
Melee: Mace              |    98 |    43 ||   141
Throw: Stone             |     1 |       ||     1
       Dart              |     1 |     5 ||     6
Invok: Depart the Abyss  |     1 |       ||     1
  Use: Scroll            |     7 |     2 ||     9
       Potion            |     1 |       ||     1
  Eat: Chunk             |     1 |     1 ||     2
Armor: Leather armour    |    44 |    22 ||    66
Dodge: Dodged            |    67 |    22 ||    89
